 Dungeon Crawl Stone Soup version 0.16.0-16-g311141a (webtiles) character file.

705 Ladykiller69 the Cudgeler (level 7, 0/63 HPs)
             Began as a Minotaur Fighter on Mar 19, 2015.
             Slain by an orc warrior
             ... wielding a +0 battleaxe
              (15 damage)
             ... on level 6 of the Dungeon.
             The game lasted 00:16:45 (2970 turns).

Ladykiller69 the Cudgeler (Minotaur Fighter)        Turns: 2970, Time: 00:16:45

Health: 0/63       AC: 13    Str: 22    XL:     7   Next: 39%
Magic:  3/3        EV:  4    Int:  5    God:
Gold:   203        SH: 10    Dex: 10    Spells: 0 memorised, 6 levels left

rFire  . . .     SeeInvis .     a - +0 flail
rCold  . . .     Clarity  .     G - +0 plate armour
rNeg   + . .     SustAb   .     c - +0 shield (curse)
rPois  .         Gourm    .     (helmet restricted)
rElec  .         Spirit   .     (no cloak)
rCorr  .         Warding  .     (no gloves)
rMut   .         Stasis   .     s - +0 pair of boots
MR     .....                    m - amulet of inaccuracy (curse)
Stlth  ..........               (no ring)
                                j - ring of positive energy

@: not resistant to hostile enchantments, extremely unstealthy
A: retaliatory headbutt, horns 2
a: no special abilities


You were on level 6 of the Dungeon.
You were not hungry.

You visited 1 branch of the dungeon, and saw 6 of its levels.

You collected 203 gold pieces.

Inventory:

Hand weapons
 a - a +0 flail (weapon)
Missiles
 v - 7 javelins (quivered)
 J - a tomahawk
Armour
 b - a +0 scale mail
 c - a cursed +0 shield (worn)
 s - a +0 pair of boots (worn)
 G - a +0 plate armour (worn)
Jewellery
 j - a ring of positive energy (left hand)
 m - a cursed amulet of inaccuracy (around neck)
 A - an uncursed amulet of the gourmand {unknown}
Magical devices
 l - a wand of flame (21)
 n - a wand of random effects (28)
 y - a wand of digging (7)
Scrolls
 k - 2 scrolls of teleportation
 o - 2 scrolls of recharging {unknown}
 u - 2 scrolls of immolation {unknown}
 w - a scroll of enchant armour {unknown}
 x - a scroll of amnesia {unknown}
 B - a scroll of noise {unknown}
 C - 3 scrolls of identify
 D - a scroll of random uselessness {unknown}
 E - a scroll of enchant weapon {unknown}
 H - 2 scrolls of remove curse {unknown}
 I - a scroll of fear {unknown}
Potions
 e - a potion of might
 f - 3 potions of heal wounds
 i - a potion of resistance {unknown}
 p - a potion of cure mutation {unknown}
 q - 2 potions of flight {unknown}
 r - a potion of poison {unknown}
 z - a potion of cancellation {unknown}
 F - a potion of agility {unknown}
 L - a potion of beneficial mutation {unknown}
 M - 2 potions of magic {unknown}
Comestibles
 d - 4 bread rations
 g - 5 fruits
 h - 2 meat rations
 t - a beef jerky


   Skills:
 + Level 6.0 Fighting
 * Level 6.5 Maces & Flails
 + Level 5.4 Armour
 + Level 0.0 Dodging
 + Level 5.6 Shields


You had 6 spell levels left.
You didn't know any spells.

Dungeon Overview and Level Annotations

Branches:
Dungeon (6/15)
 Temple: D:4-7

Altars:
Ashenzari
Kikubaaqudgha
Yredelemnul


Innate Abilities, Weirdness & Mutations

You reflexively headbutt those who attack you in melee.
You have a pair of horns on your head.


Message History

The orc warrior hits you with a battleaxe!
You miss the goblin. The goblin hits you but does no damage.
You closely miss the goblin. Your headbutt misses the goblin.
The orc warrior hits you with a battleaxe.
The goblin hits you but does no damage.
Your shield and plate armour prevent you from hitting the goblin.
You headbutt the goblin.
The goblin is almost dead.
The orc warrior hits you with a battleaxe!
* * * LOW HITPOINT WARNING * * *
The goblin hits you but does no damage.
Your shield and plate armour prevent you from hitting the goblin.
You headbutt the goblin.
You kill the goblin!
You block the orc warrior's attack.
The giant frog hits you but does no damage.
You closely miss the giant frog.
The giant frog hits you but does no damage.
The orc warrior hits you with a battleaxe!
You die...

#.#......## #.##.......
#...(.o#### ####.###
#.######
###########......[
#.........########
#o#######.# # #@#
#..(.# # #...F.# #.####
# ###.### #.# # ... #.#
# ... #.# ########
#.......###.####.......
.............o........
. ....#.#...#........
.. ...#..###.######


You could see an orc warrior and a giant frog.

Vanquished Creatures
  A sky beast (D:5)
  2 phantoms (D:4)
  2 hounds (D:4)
  4 orc wizards
  3 worker ants
  A mummy (D:4)
  3 adders
  3 gnolls (D:5)
  4 giant mites
  13 orcs
  9 bats
  A bat skeleton (D:3)
  8 goblins
  11 hobgoblins
  7 jackals
  A ball python (D:4)
  8 giant cockroaches
  4 giant geckos
  5 giant newts
  2 hobgoblin zombies (D:4)
  9 kobolds
  2 orc zombies (D:4)
  A quokka (D:2)
  10 rats
114 creatures vanquished.

Notes
Turn   | Place    | Note
--------------------------------------------------------------
     0 | D:1      | Ladykiller69, the Minotaur Fighter, began the quest for the Orb.
     0 | D:1      | Reached XP level 1. HP: 19/19 MP: 1/1
    78 | D:1      | Reached XP level 2. HP: 16/27 MP: 1/1
    88 | D:1      | Found a shattered altar of Ashenzari.
    96 | D:1      | Reached skill level 4 in Armour
   419 | D:2      | Found an ancient bone altar of Kikubaaqudgha.
   453 | D:3      | Reached XP level 3. HP: 33/33 MP: 2/2
  1228 | D:3      | Reached XP level 4. HP: 37/41 MP: 2/2
  1738 | D:4      | Reached XP level 5. HP: 35/47 MP: 2/2
  1768 | D:4      | Noticed a phantom
  1776 | D:4      | Killed a phantom
  1776 | D:4      | Reached skill level 5 in Fighting
  1795 | D:4      | Noticed a phantom
  1816 | D:4      | Reached skill level 5 in Shields
  1848 | D:4      | Killed a phantom
  1848 | D:4      | Reached skill level 5 in Maces & Flails
  1848 | D:4      | Reached XP level 6. HP: 26/56 MP: 3/3
  1875 | D:4      | Noticed an ogre
  2012 | D:4      | Found a basalt altar of Yredelemnul.
  2191 | D:5      | Entered Level 5 of the Dungeon
  2289 | D:4      | Reached skill level 5 in Armour
  2478 | D:5      | Reached XP level 7. HP: 45/62 MP: 3/3
  2510 | D:5      | Reached skill level 6 in Maces & Flails
  2970 | D:6      | Slain by an orc warrior

Action                   |  1- 3 |  4- 6 |  7- 9 || total
-------------------------+-------+-------+-------++-------
Melee: Flail             |   139 |   161 |    53 ||   353
  Use: Scroll            |     2 |       |       ||     2
  Eat: Chunk             |       |     6 |     1 ||     7
